[Event "EYCC Girls-U12 2019"]
[Site "Bratislava"]
[Date "2019.08.08"]
[Round "7.5"]
[White "Vlasova, Olesia"]
[Black "Gadasi, Noam"]
[Result "1/2-1/2"]
[ECO "A05"]
[WhiteElo "1799"]
[BlackElo "1585"]
[Annotator "NA"]
[PlyCount "90"]
[EventDate "2019.08.02"]
[EventType "swiss"]
[EventCountry "SVK"]
[SourceTitle "playchess.com"]
[Source "ChessBase"]
[SourceQuality "1"]
[TimeControl "40/5400+30:1800+30"]

1. Nf3 Nf6 2. c4 e6 3. g3 b6 4. Bg2 Bb7 5. O-O Be7 6. Nc3 O-O 7. b3 d5 8. e3 c5 9. Bb2 Nbd7 10. Qe2 Rc8 11. Rfd1 Qc7 12. Rac1 Qb8 13. cxd5 Nxd5 14. Nxd5 Bxd5 15. e4 Bb7 16. d4 Qa8 17. Nd2 cxd4 18. Bxd4 Bf6 19. Bxf6 Nxf6 20. Bf3 h6 21. Qe3 Rfd8 22. Re1 Rxc1 23. Rxc1 Rc8 24. Rxc8+ Qxc8 25. Nc4 Qc6 26. Nd2 Qc2 27. a4 Bc6 28. Kg2 Nd7 29. Nc4 Nc5 30. Nd2 e5 31. h4 Kh7 32. Bg4 g6 33. Bf3 Kg7 34. Kh2 Bb7 35. Bg2 Bc8 36. Bh3 Bb7 37. Bg2 f6 38. g4 g5 39. hxg5 hxg5 40. a5 bxa5 41. Nc4 Nxb3 42. Nd6 Nc5 43. Qa3 Bc6 44. Qxa5 Qxf2 45. Qd8 Qh4+ 1/2-1/2

[Event "EYCC Girls-U12 2019"]
[Site "Bratislava"]
[Date "2019.08.08"]
[Round "7.6"]
[White "Verheij, Dana"]
[Black "Putar, Lara"]
[Result "1-0"]
[ECO "B07"]
[WhiteElo "1497"]
[BlackElo "1608"]
[Annotator "NA"]
[PlyCount "63"]
[EventDate "2019.08.02"]
[EventType "swiss"]
[EventCountry "SVK"]
[SourceTitle "playchess.com"]
[Source "ChessBase"]
[SourceQuality "1"]
[TimeControl "40/5400+30:1800+30"]

1. e4 d6 2. d4 Nf6 3. Nc3 g6 4. Bf4 Bg7 5. Nf3 O-O 6. Qd2 Re8 7. O-O-O a5 8. Kb1 Na6 9. Bd3 Bd7 10. e5 dxe5 11. dxe5 Nh5 12. Bh6 Bc6 13. Bxg7 Nxg7 14. Qh6 Bxf3 15. Bxg6 fxg6 16. Rxd8 Raxd8 17. gxf3 Nf5 18. Qg5 Nc5 19. Rg1 Kf7 20. Ne4 Ne6 21. Qc1 Ned4 22. Qf1 Nxf3 23. Ng5+ Nxg5 24. Rxg5 Rd2 25. a3 c6 26. Qh3 h6 27. e6+ Kxe6 28. Rxg6+ Ke5 29. f4+ Ke4 30. Re6+ Kxf4 31. Qf1+ Kg5 32. Qc1 1-0

[Event "EYCC Girls-U12 2019"]
[Site "Bratislava"]
[Date "2019.08.08"]
[Round "7.7"]
[White "Gasimova, Samra"]
[Black "Zhou, Lepu Coco"]
[Result "0-1"]
[ECO "A57"]
[WhiteElo "1695"]
[BlackElo "1861"]
[Annotator "NA"]
[PlyCount "108"]
[EventDate "2019.08.02"]
[EventType "swiss"]
[EventCountry "SVK"]
[SourceTitle "playchess.com"]
[Source "ChessBase"]
[SourceQuality "1"]
[TimeControl "40/5400+30:1800+30"]

1. d4 Nf6 2. c4 c5 3. d5 b5 4. cxb5 a6 5. b6 g6 6. Nc3 Bg7 7. Nf3 O-O 8. e4 d6 9. Nd2 Nbd7 10. Nc4 Nxb6 11. Ne3 Bd7 12. Be2 Bb5 13. O-O Bxe2 14. Qxe2 Qc7 15. Rd1 Rfb8 16. f4 Nbd7 17. Nc4 Ne8 18. Be3 a5 19. a4 Qb7 20. e5 Nb6 21. Na3 Nc7 22. Qd3 Na6 23. exd6 Nb4 24. Qd2 exd6 25. Nab5 Nc4 26. Qe2 Nxe3 27. Qxe3 Nc2 28. Qd3 Nxa1 29. Rxa1 Qe7 30. Ne4 Bxb2 31. Ra2 Bd4+ 32. Kf1 Rb6 33. Re2 Qb7 34. Nxd4 cxd4 35. Nf6+ Kg7 36. g4 Rb4 37. g5 Qc8 38. Qg3 d3 39. Qh4 Rxf4+ 40. Qxf4 dxe2+ 41. Kxe2 Qc2+ 42. Kf3 Qf5 43. Qxf5 gxf5 44. h4 Rb8 45. Kf4 Rb4+ 46. Kxf5 Rxh4 47. Ne8+ Kf8 48. Nxd6 Rxa4 49. Nb7 Ra1 50. d6 Ke8 51. Ke5 Rb1 52. Nc5 Rb5 53. Kd5 Rxc5+ 54. Kxc5 Kd7 0-1

[Event "EYCC Girls-U12 2019"]
[Site "Bratislava"]
[Date "2019.08.08"]
[Round "7.8"]
[White "Buyuk, Ecrin Efsa"]
[Black "Tran, Alva Ling"]
[Result "1-0"]
[ECO "B40"]
[WhiteElo "1592"]
[BlackElo "1712"]
[Annotator "NA"]
[PlyCount "103"]
[EventDate "2019.08.02"]
[EventType "swiss"]
[EventCountry "SVK"]
[SourceTitle "playchess.com"]
[Source "ChessBase"]
[SourceQuality "1"]
[TimeControl "40/5400+30:1800+30"]

1. e4 c5 2. Nf3 e6 3. g3 b6 4. Bg2 Bb7 5. Nc3 d6 6. O-O Nf6 7. Re1 Be7 8. d4 Nbd7 9. e5 dxe5 10. dxe5 Nd5 11. Ne4 O-O 12. a3 b5 13. Bg5 N7b6 14. Nxc5 Qc7 15. Bxe7 Qxe7 16. Nxb7 Qxb7 17. Qd3 a6 18. Ng5 g6 19. Ne4 Rfd8 20. Nf6+ Kg7 21. Qd4 Rac8 22. Qh4 h6 23. c3 Qe7 24. Bxd5 Nxd5 25. Nxd5 Qxh4 26. gxh4 Rxd5 27. Rad1 Rcd8 28. Rxd5 Rxd5 29. Re2 g5 30. h5 f6 31. exf6+ Kxf6 32. h3 Re5 33. Rxe5 Kxe5 34. f3 a5 35. b3 Kd5 36. Kf2 a4 37. c4+ bxc4 38. bxa4 Kd4 39. a5 c3 40. Ke2 Kc4 41. Kd1 Kb5 42. Kc2 Kxa5 43. Kxc3 Ka4 44. Kd4 Kxa3 45. Ke5 Kb4 46. Kxe6 Kc5 47. Kf5 Kd5 48. Kg6 Ke6 49. Kxh6 Kf6 50. Kh7 Kf7 51. h6 Kf6 52. Kg8 1-0

[Event "EYCC Girls-U12 2019"]
[Site "Bratislava"]
[Date "2019.08.08"]
[Round "7.9"]
[White "Tsirekidze, Barbare"]
[Black "Denic, Hana"]
[Result "0-1"]
[ECO "A40"]
[WhiteElo "1527"]
[BlackElo "1821"]
[Annotator "NA"]
[PlyCount "120"]
[EventDate "2019.08.02"]
[EventType "swiss"]
[EventCountry "SVK"]
[SourceTitle "playchess.com"]
[Source "ChessBase"]
[SourceQuality "1"]
[TimeControl "40/5400+30:1800+30"]

1. d4 Nf6 2. c4 e6 3. g3 Bb4+ 4. Bd2 Qe7 5. Bg2 O-O 6. a3 Bxd2+ 7. Nxd2 d6 8. Ngf3 Nc6 9. O-O e5 10. d5 Nb8 11. e4 b6 12. b4 Bg4 13. Qc2 Nbd7 14. Nb3 Bxf3 15. Bxf3 h5 16. Rac1 g6 17. c5 Rfc8 18. cxd6 cxd6 19. Qd3 Nf8 20. Qa6 Qd7 21. a4 Ne8 22. Qb5 Qxb5 23. axb5 Nd7 24. Be2 Ndf6 25. f3 Kf8 26. Rc6 Ke7 27. Rfc1 Kd7 28. Kf2 Ng8 29. f4 Ne7 30. Rxc8 Rxc8 31. fxe5 Rxc1 32. Nxc1 dxe5 33. Ke3 Kd6 34. Nb3 f5 35. Nd2 fxe4 36. Nxe4+ Kxd5 37. Nc3+ Ke6 38. Bc4+ Kf6 39. Ne4+ Kf5 40. Bf7 Nc7 41. h4 Ncd5+ 42. Kf3 Nxb4 43. Ke3 a6 44. Be8 Ke6 45. Ng5+ Kd6 46. Ne4+ Kc7 47. bxa6 Nxa6 48. Nc3 Nc5 49. Nb5+ Kd8 50. Bf7 Nf5+ 51. Kd2 Ne4+ 52. Ke1 Nexg3 53. Bxg6 Nxh4 54. Bh7 Nhf5 55. Kf2 e4 56. Nc3 e3+ 57. Kf3 h4 58. Kg4 b5 59. Ne2 Nxe2 60. Bxf5 Nd4 0-1

[Event "EYCC Girls-U12 2019"]
[Site "Bratislava"]
[Date "2019.08.08"]
[Round "7.10"]
[White "Ivanova, Dilyana"]
[Black "Maria, Lia-Alexandra"]
[Result "1-0"]
[ECO "B90"]
[WhiteElo "1734"]
[BlackElo "1572"]
[Annotator "NA"]
[PlyCount "65"]
[EventDate "2019.08.02"]
[EventType "swiss"]
[EventCountry "SVK"]
[SourceTitle "playchess.com"]
[Source "ChessBase"]
[SourceQuality "1"]
[TimeControl "40/5400+30:1800+30"]

1. e4 c5 2. Nf3 d6 3. d4 cxd4 4. Nxd4 Nf6 5. Nc3 a6 6. f3 b5 7. Be3 e6 8. g4 h6 9. Qd2 b4 10. Nce2 d5 11. e5 Nfd7 12. f4 Bb7 13. O-O-O Nb6 14. Ng3 N8d7 15. f5 Nc5 16. Qf2 Nba4 17. Bh3 Qa5 18. fxe6 fxe6 19. Rhf1 O-O-O 20. g5 Re8 21. Nxe6 Kb8 22. Nxc5 Bxc5 23. e6 hxg5 24. Bg4 Bxe3+ 25. Qxe3 Rxh2 26. Qe5+ Ka8 27. e7 Qc5 28. Ne2 Rxe7 29. Qxh2 Qc4 30. Rf8+ Ka7 31. Qb8+ Kb6 32. Qd6+ Ka7 33. Qxe7 1-0

[Event "EYCC Girls-U12 2019"]
[Site "Bratislava"]
[Date "2019.08.08"]
[Round "7.11"]
[White "Suarez Gomez, Paula"]
[Black "Nordquelle, Amelia"]
[Result "1-0"]
[ECO "B20"]
[WhiteElo "1438"]
[BlackElo "1648"]
[Annotator "NA"]
[PlyCount "53"]
[EventDate "2019.08.02"]
[EventType "swiss"]
[EventCountry "SVK"]
[SourceTitle "playchess.com"]
[Source "ChessBase"]
[SourceQuality "1"]
[TimeControl "40/5400+30:1800+30"]

1. e4 c5 2. d3 e6 3. g3 Nc6 4. f4 Nge7 5. Nf3 d5 6. e5 d4 7. Bg2 b5 8. c3 Bb7 9. O-O Qb6 10. Kh1 Nd5 11. c4 Nc7 12. Nbd2 Nb4 13. Nb3 a5 14. a3 Nxd3 15. Qxd3 bxc4 16. Qxc4 Ba6 17. Qc2 d3 18. Qd1 d2 19. Nbxd2 Bxf1 20. Bxf1 O-O-O 21. Qe2 Nd5 22. Nc4 Qc7 23. Bd2 Qa7 24. Nxa5 Rd7 25. Rc1 Rc7 26. Qb5 f6 27. Qe8# 1-0

[Event "EYCC Girls-U12 2019"]
[Site "Bratislava"]
[Date "2019.08.08"]
[Round "7.12"]
[White "Siekanska, Maria"]
[Black "Chicarosie, Ioana-Bianca"]
[Result "1-0"]
[ECO "D35"]
[WhiteElo "1561"]
[BlackElo "1580"]
[Annotator "NA"]
[PlyCount "111"]
[EventDate "2019.08.02"]
[EventType "swiss"]
[EventCountry "SVK"]
[SourceTitle "playchess.com"]
[Source "ChessBase"]
[SourceQuality "1"]
[TimeControl "40/5400+30:1800+30"]

1. d4 d5 2. c4 e6 3. Nc3 Nf6 4. cxd5 exd5 5. Bg5 c6 6. e3 Be7 7. Bd3 Nbd7 8. Nge2 Nh5 9. Bxe7 Qxe7 10. O-O O-O 11. Qb1 g6 12. b4 f5 13. b5 Nb6 14. bxc6 bxc6 15. a4 Be6 16. a5 Nc4 17. Qc2 Bf7 18. Na4 Nxa5 19. Nb2 Qc7 20. Rfc1 Be8 21. Nc3 Qd8 22. Be2 Nf6 23. Nd3 Nc4 24. Nc5 Bf7 25. Bxc4 dxc4 26. N3a4 Nd5 27. Nb2 Nb6 28. Nb7 Qd5 29. Na5 c5 30. dxc5 Qxc5 31. Nb3 Qc7 32. Nd4 Qc5 33. Nd3 Qc7 34. Nf4 Rfe8 35. h4 a6 36. Qc3 Nd5 37. Nxd5 Bxd5 38. h5 Reb8 39. Ne2 Rc8 40. Nf4 Bf7 41. h6 Be8 42. Nd5 Qa7 43. Nb6 Rc7 44. Nxa8 Qxa8 45. Qe5 Ra7 46. Rxa6 Ba4 47. Qg7+ Rxg7 48. Rxa8+ Kf7 49. hxg7 Kxg7 50. Rxa4 c3 51. Rxc3 h5 52. Rc6 Kh6 53. Raa6 Kg5 54. Rxg6+ Kh4 55. Ra4+ f4 56. Rxf4# 1-0

[Event "EYCC Girls-U12 2019"]
[Site "Bratislava"]
[Date "2019.08.08"]
[Round "7.13"]
[White "Mikheeva, Galina"]
[Black "Karavitaki, Antonia"]
[Result "1-0"]
[ECO "B24"]
[WhiteElo "1952"]
[BlackElo "1481"]
[Annotator "NA"]
[PlyCount "87"]
[EventDate "2019.08.02"]
[EventType "swiss"]
[EventCountry "SVK"]
[SourceTitle "playchess.com"]
[Source "ChessBase"]
[SourceQuality "1"]
[TimeControl "40/5400+30:1800+30"]

1. e4 c5 2. Nc3 Nc6 3. g3 g6 4. Bg2 Bg7 5. d3 e6 6. Be3 d6 7. f4 Nge7 8. Nf3 O-O 9. O-O b6 10. d4 d5 11. exd5 Nf5 12. Bf2 Ncxd4 13. dxe6 Bxe6 14. g4 Nh6 15. h3 Nxf3+ 16. Qxf3 Qc7 17. Rfe1 Rad8 18. Red1 a6 19. a4 Rfe8 20. Bg3 Qc8 21. Qc6 Bd4+ 22. Bf2 Qb8 23. Qf3 Bg7 24. Kh1 f5 25. g5 Nf7 26. Rxd8 Rxd8 27. Re1 Re8 28. Qc6 Rf8 29. Qxe6 Qxf4 30. Qe3 Qxg5 31. Qxg5 Nxg5 32. h4 Nf7 33. Bd5 Bf6 34. Re6 Bd8 35. a5 Kg7 36. axb6 h6 37. Bxc5 Rg8 38. Be7 Nh8 39. Bxd8 Rxd8 40. Re7+ Kf6 41. Rc7 g5 42. hxg5+ hxg5 43. b7 Ng6 44. Rc8 1-0

[Event "EYCC Girls-U12 2019"]
[Site "Bratislava"]
[Date "2019.08.08"]
[Round "7.14"]
[White "Paraschiv, Petronela-Alexandra"]
[Black "Schippke, Manon"]
[Result "0-1"]
[ECO "B53"]
[WhiteElo "1810"]
[BlackElo "1743"]
[Annotator "NA"]
[PlyCount "78"]
[EventDate "2019.08.02"]
[EventType "swiss"]
[EventCountry "SVK"]
[SourceTitle "playchess.com"]
[Source "ChessBase"]
[SourceQuality "1"]
[TimeControl "40/5400+30:1800+30"]

1. e4 c5 2. Nf3 d6 3. d4 cxd4 4. Qxd4 Bd7 5. c4 Nc6 6. Qd2 Nf6 7. Nc3 g6 8. b3 Bg7 9. Bb2 O-O 10. Be2 Qa5 11. Nd5 Qxd2+ 12. Nxd2 Nxd5 13. Bxg7 Kxg7 14. cxd5 Nd4 15. Rc1 Rfc8 16. Rc4 Nxe2 17. Rxc8 Rxc8 18. Kxe2 Bb5+ 19. Kd1 Bd3 20. Re1 Bc2+ 21. Ke2 f5 22. f3 b5 23. Ke3 Rc3+ 24. Ke2 f4 25. g3 Bd3+ 26. Kd1 Rc2 27. Nf1 Rxa2 28. gxf4 Bc2+ 29. Kc1 Ra1+ 30. Kd2 Rxe1 31. Kxe1 Bxb3 32. Kd2 b4 33. Kd3 a5 34. Nd2 Ba4 35. e5 Bb5+ 36. Kd4 a4 37. h3 a3 38. Nb3 Ba4 39. Nd2 a2 0-1

[Event "EYCC Girls-U12 2019"]
[Site "Bratislava"]
[Date "2019.08.08"]
[Round "7.15"]
[White "Khegai, Darya"]
[Black "Fileru, Maria"]
[Result "1/2-1/2"]
[ECO "C25"]
[WhiteElo "1402"]
[BlackElo "1602"]
[Annotator "NA"]
[PlyCount "97"]
[EventDate "2019.08.02"]
[EventType "swiss"]
[EventCountry "SVK"]
[SourceTitle "playchess.com"]
[Source "ChessBase"]
[SourceQuality "1"]
[TimeControl "40/5400+30:1800+30"]

1. e4 e5 2. Nc3 d6 3. Bc4 Nf6 4. d3 h6 5. f4 Nc6 6. a3 Bg4 7. Nge2 Nd4 8. h3 Be6 9. Bxe6 fxe6 10. Nxd4 exd4 11. Ne2 c5 12. O-O Be7 13. Bd2 O-O 14. g4 Nh7 15. Kh1 g5 16. f5 e5 17. Ng3 b5 18. Nh5 a5 19. c3 a4 20. b3 d5 21. Rf2 dxe4 22. dxe4 Qb6 23. b4 Rac8 24. cxd4 cxd4 25. Rc1 Rc6 26. Be1 Rfc8 27. Rfc2 Qb7 28. Qd3 Kf7 29. Bg3 Bd6 30. Kg2 Nf6 31. Nxf6 Kxf6 32. Bf2 Qa6 33. Bg3 Rc4 34. h4 Qc6 35. hxg5+ hxg5 36. Rxc4 bxc4 37. Qe2 d3 38. Qe3 d2 39. Rd1 c3 40. Bh4 Rg8 41. Rh1 c2 42. Bxg5+ Kf7 43. Rh7+ Ke8 44. Qxd2 Qxe4+ 45. Kg3 Rxg5 46. Rh8+ Kf7 47. Rh7+ Ke8 48. Rh8+ Kf7 49. Rh7+ 1/2-1/2

[Event "EYCC Girls-U12 2019"]
[Site "Bratislava"]
[Date "2019.08.08"]
[Round "7.16"]
[White "Komissarova, Soigina"]
[Black "Shahazizyan, Milena"]
[Result "1-0"]
[ECO "B47"]
[WhiteElo "1663"]
[BlackElo "1201"]
[Annotator "NA"]
[PlyCount "49"]
[EventDate "2019.08.02"]
[EventType "swiss"]
[EventCountry "SVK"]
[SourceTitle "playchess.com"]
[Source "ChessBase"]
[SourceQuality "1"]
[TimeControl "40/5400+30:1800+30"]

1. e4 c5 2. Nf3 e6 3. d4 cxd4 4. Nxd4 Nc6 5. Nc3 Qc7 6. g3 a6 7. Bg2 Nf6 8. O-O Be7 9. Re1 O-O 10. Nxc6 bxc6 11. e5 Nd5 12. Qg4 Kh8 13. Bd2 Rb8 14. b3 d6 15. exd6 Bxd6 16. Qe2 Bb7 17. Ne4 Be7 18. c4 Nb4 19. a3 Nc2 20. Bf4 Nd4 21. Bxc7 Nxe2+ 22. Rxe2 Rbc8 23. Bd6 Rfe8 24. Bxe7 Rxe7 25. Rd2 1-0

[Event "EYCC Girls-U12 2019"]
[Site "Bratislava"]
[Date "2019.08.08"]
[Round "7.17"]
[White "Mikhailina, Olga"]
[Black "Sala, Giulia"]
[Result "0-1"]
[ECO "C54"]
[WhiteElo "1410"]
[BlackElo "1623"]
[Annotator "NA"]
[PlyCount "90"]
[EventDate "2019.08.02"]
[EventType "swiss"]
[EventCountry "SVK"]
[SourceTitle "playchess.com"]
[Source "ChessBase"]
[SourceQuality "1"]
[TimeControl "40/5400+30:1800+30"]

1. e4 e5 2. Nf3 Nc6 3. Bc4 Bc5 4. c3 Nf6 5. d4 exd4 6. e5 d5 7. Bb5 Ne4 8. cxd4 Bb6 9. Nc3 Bg4 10. Be3 O-O 11. h3 Bh5 12. Bxc6 bxc6 13. Rc1 Nxc3 14. bxc3 Qe7 15. O-O f6 16. g4 Bg6 17. exf6 Qxf6 18. Ne5 Be8 19. Qd2 h6 20. Kh2 Ba5 21. Qc2 c5 22. Rg1 cxd4 23. cxd4 Bb6 24. Qc3 Bg6 25. g5 hxg5 26. Rxg5 Be4 27. Rcg1 Rae8 28. Qd2 Re7 29. R5g3 c5 30. Bg5 Qxf2+ 31. Qxf2 Rxf2+ 32. R1g2 Rxg2+ 33. Rxg2 Rxe5 34. dxe5 Bxg2 35. Kxg2 Kf7 36. Kf3 Ke6 37. Bf4 Bc7 38. Be3 d4 39. Bc1 Bxe5 40. Ba3 Kd5 41. h4 c4 42. h5 d3 43. Ke3 Bd4+ 44. Kd2 Ke4 45. Bb4 c3+ 0-1

[Event "EYCC Girls-U12 2019"]
[Site "Bratislava"]
[Date "2019.08.08"]
[Round "7.18"]
[White "Helliesen, Lykke-Merlot"]
[Black "Orian, Noga"]
[Result "0-1"]
[ECO "D60"]
[WhiteElo "1505"]
[BlackElo "1628"]
[Annotator "NA"]
[PlyCount "112"]
[EventDate "2019.08.02"]
[EventType "swiss"]
[EventCountry "SVK"]
[SourceTitle "playchess.com"]
[Source "ChessBase"]
[SourceQuality "1"]
[TimeControl "40/5400+30:1800+30"]

1. d4 d5 2. c4 e6 3. Nc3 Be7 4. Nf3 Nf6 5. Bg5 O-O 6. e3 Nbd7 7. Bd3 dxc4 8. Bxc4 h6 9. Bh4 Re8 10. O-O c6 11. Qc2 Nd5 12. Bxe7 Qxe7 13. e4 Nxc3 14. bxc3 c5 15. Rad1 cxd4 16. cxd4 Nb6 17. Bb3 Bd7 18. Rfe1 Rac8 19. Qd3 Ba4 20. Rc1 Rxc1 21. Rxc1 Bxb3 22. Qxb3 Rc8 23. Rxc8+ Nxc8 24. h3 Qc7 25. Kf1 Nd6 26. d5 exd5 27. exd5 Qc4+ 28. Qxc4 Nxc4 29. Ke2 Nb6 30. d6 Kf8 31. Kd3 Ke8 32. Kd4 Kd7 33. Kc5 f6 34. Nd4 g6 35. Nf3 Na4+ 36. Kb4 Nb2 37. Ne1 Kxd6 38. Kb3 Nd1 39. Nd3 Kd5 40. f3 g5 41. Nb4+ Kc5 42. Nc2 h5 43. a3 f5 44. g3 Nf2 45. h4 g4 46. fxg4 fxg4 47. Ne3 Ne4 48. Nf1 Kd4 49. Kc2 b5 50. Kd1 Kd3 51. Ke1 a5 52. Kd1 b4 53. axb4 axb4 54. Kc1 Ke2 55. Nh2 Nxg3 56. Kb2 Nf5 0-1

[Event "EYCC Girls-U12 2019"]
[Site "Bratislava"]
[Date "2019.08.08"]
[Round "7.19"]
[White "Korovina, Yana"]
[Black "Dubovik, Maria"]
[Result "1/2-1/2"]
[ECO "D05"]
[WhiteElo "1602"]
[BlackElo "1504"]
[Annotator "NA"]
[PlyCount "84"]
[EventDate "2019.08.02"]
[EventType "swiss"]
[EventCountry "SVK"]
[SourceTitle "playchess.com"]
[Source "ChessBase"]
[SourceQuality "1"]
[TimeControl "40/5400+30:1800+30"]

1. d4 d5 2. e3 Nf6 3. Bd3 e6 4. f4 c5 5. c3 Nc6 6. Nf3 Be7 7. Nbd2 cxd4 8. exd4 O-O 9. O-O Ng4 10. Qe2 f5 11. Ne5 Nf6 12. Ndf3 Ne4 13. Bd2 Bf6 14. Rae1 Nxe5 15. Nxe5 Bh4 16. Rd1 Bd7 17. Rf3 Be8 18. Bxe4 dxe4 19. Rh3 Bf6 20. Rg3 a6 21. Qc4 Qd6 22. Qe2 Rd8 23. Bc1 Qc7 24. Rh3 Bxe5 25. fxe5 Bg6 26. Bf4 Qb6 27. Qc2 Rc8 28. Qb3 Qxb3 29. axb3 Rfd8 30. Re3 h6 31. h4 b5 32. Ree1 Kf7 33. Kf2 Ke7 34. Be3 Be8 35. Bf4 Bc6 36. Ra1 Ra8 37. b4 Rg8 38. h5 Rgc8 39. Ke3 Be8 40. Rh1 Bc6 41. Rhe1 Bd5 42. Ra3 Bb7 1/2-1/2

[Event "EYCC Girls-U12 2019"]
[Site "Bratislava"]
[Date "2019.08.08"]
[Round "7.20"]
[White "Norman, Kseniya"]
[Black "Putinceva, Marina"]
[Result "1-0"]
[ECO "C75"]
[WhiteElo "1532"]
[BlackElo "1476"]
[Annotator "NA"]
[PlyCount "105"]
[EventDate "2019.08.02"]
[EventType "swiss"]
[EventCountry "SVK"]
[SourceTitle "playchess.com"]
[Source "ChessBase"]
[SourceQuality "1"]
[TimeControl "40/5400+30:1800+30"]

1. e4 e5 2. Nf3 Nc6 3. Bb5 a6 4. Ba4 d6 5. c3 Bd7 6. O-O g6 7. d4 Bg7 8. Bg5 f6 9. Be3 Nh6 10. h3 Nf7 11. d5 Ne7 12. Bxd7+ Qxd7 13. Nfd2 O-O 14. c4 f5 15. f3 f4 16. Bf2 b6 17. b4 g5 18. Nc3 a5 19. a3 axb4 20. axb4 h5 21. Qe2 Nh6 22. c5 bxc5 23. bxc5 c6 24. Rxa8 Rxa8 25. Nc4 cxd5 26. Nb6 Qd8 27. Nxa8 Qxa8 28. cxd6 Ng6 29. Nxd5 Qd8 30. Bc5 Bf8 31. Qa6 Nf7 32. Rd1 Nxd6 33. Bxd6 Bxd6 34. Nf6+ Qxf6 35. Rxd6 Qe7 36. Rxg6+ Kf7 37. Rc6 g4 38. Qc4+ Kg7 39. Rc7 Kf6 40. Rxe7 Kxe7 41. fxg4 hxg4 42. hxg4 f3 43. gxf3 Kf6 44. Qg8 Ke7 45. g5 Kd6 46. g6 Ke7 47. Qf7+ Kd6 48. g7 Kc5 49. g8=R Kd4 50. Kf2 Kc3 51. Qc7+ Kb4 52. Rb8+ Ka4 53. Qa7# 1-0

[Event "EYCC Girls-U12 2019"]
[Site "Bratislava"]
[Date "2019.08.08"]
[Round "7.21"]
[White "Berezovsky, Fiorina"]
[Black "Salajan, Stefania"]
[Result "1/2-1/2"]
[ECO "B01"]
[WhiteElo "1591"]
[BlackElo "1482"]
[Annotator "NA"]
[PlyCount "138"]
[EventDate "2019.08.02"]
[EventType "swiss"]
[EventCountry "SVK"]
[SourceTitle "playchess.com"]
[Source "ChessBase"]
[SourceQuality "1"]
[TimeControl "40/5400+30:1800+30"]

1. e4 d5 2. exd5 Qxd5 3. Nc3 Qd6 4. d4 c6 5. Nf3 Bg4 6. Be3 Nf6 7. Be2 Nbd7 8. O-O e6 9. Qd2 Qc7 10. h3 Bh5 11. a3 a5 12. Ng5 Bxe2 13. Qxe2 Be7 14. Nge4 O-O 15. g4 Nd5 16. Nxd5 exd5 17. Ng3 Bd6 18. Nf5 g6 19. Nxd6 Qxd6 20. Qf3 Nf6 21. Bf4 Qe6 22. Rfe1 Ne4 23. Bh6 Rfe8 24. Qd3 Qf6 25. f3 Ng5 26. Bxg5 Qxg5 27. Re2 Qf4 28. Kg2 Rxe2+ 29. Qxe2 Qxd4 30. c3 Qf6 31. Re1 Rd8 32. Qd2 Kg7 33. g5 Qf5 34. Qd4+ Kg8 35. Qe3 Qd7 36. h4 d4 37. cxd4 Qxd4 38. Qxd4 Rxd4 39. Re8+ Kg7 40. Kg3 Rd2 41. Ra8 b6 42. b4 axb4 43. axb4 Rd4 44. Rc8 Rxb4 45. Rxc6 Rb1 46. Rc8 b5 47. Kf2 b4 48. Rb8 b3 49. Ke2 b2 50. Kd2 Rf1 51. Rxb2 Rxf3 52. Rb4 h6 53. Ke2 Rf5 54. Rg4 hxg5 55. hxg5 f6 56. gxf6+ Rxf6 57. Ke3 Rf5 58. Ke4 Kf6 59. Rf4 Rxf4+ 60. Kxf4 g5+ 61. Kg4 Kg6 62. Kg3 Kf5 63. Kf3 g4+ 64. Kg3 Kg5 65. Kg2 Kf4 66. Kf2 g3+ 67. Kg2 Kg4 68. Kg1 Kf3 69. Kf1 g2+ 1/2-1/2

[Event "EYCC Girls-U12 2019"]
[Site "Bratislava"]
[Date "2019.08.08"]
[Round "7.22"]
[White "Arora, Tashika"]
[Black "Novikova, Daria"]
[Result "1-0"]
[ECO "A40"]
[WhiteElo "1447"]
[BlackElo "1428"]
[Annotator "NA"]
[PlyCount "66"]
[EventDate "2019.08.02"]
[EventType "swiss"]
[EventCountry "SVK"]
[SourceTitle "playchess.com"]
[Source "ChessBase"]
[SourceQuality "1"]
[TimeControl "40/5400+30:1800+30"]

1. d4 c6 2. Nf3 d5 3. Bf4 Bf5 4. e3 e6 5. Bd3 Bg6 6. O-O Nf6 7. c4 Bd6 8. Bxd6 Qxd6 9. Nc3 Nbd7 10. cxd5 cxd5 11. Rc1 a6 12. Bxg6 hxg6 13. h3 Nh7 14. e4 dxe4 15. Nxe4 Qf4 16. Nc5 Ndf6 17. Nxb7 Ng4 18. g3 Qb8 19. Qa4+ Kf8 20. Qc6 Ne3 21. Nc5 Ke7 22. Qd7+ Kf8 23. Ne5 Ng5 24. Nxe6+ fxe6 25. fxe3+ Kg8 26. b3 Rxh3 27. Kg2 Qb4 28. Rc2 Rf8 29. Rxf8+ Qxf8 30. Rc8 Qxc8 31. Qxc8+ Kh7 32. Nf7 Rxg3+ 33. Kxg3 Nxf7 1-0

[Event "EYCC Girls-U12 2019"]
[Site "Bratislava"]
[Date "2019.08.08"]
[Round "7.23"]
[White "Muradyan, Anahit"]
[Black "Shukurova, Aydan"]
[Result "1/2-1/2"]
[ECO "D27"]
[WhiteElo "1353"]
[BlackElo "1372"]
[Annotator "NA"]
[PlyCount "60"]
[EventDate "2019.08.02"]
[EventType "swiss"]
[EventCountry "SVK"]
[SourceTitle "playchess.com"]
[Source "ChessBase"]
[SourceQuality "1"]
[TimeControl "40/5400+30:1800+30"]

1. d4 d5 2. c4 dxc4 3. Nf3 Nf6 4. e3 e6 5. Bxc4 c5 6. O-O a6 7. a4 Nbd7 8. Nc3 Be7 9. Qc2 O-O 10. Rd1 Qc7 11. b3 b6 12. Bb2 Bb7 13. Be2 Rfd8 14. Rac1 Rac8 15. dxc5 Bxc5 16. h3 Qb8 17. Qb1 Qa8 18. Rd2 Bb4 19. Rd4 Bc5 20. Rd2 Bb4 21. Rd4 Bc5 22. Rd2 Bb4 23. Rd4 Bc5 24. Rd2 Bb4 25. Rd4 Bxc3 26. Bxc3 Ne4 27. Qa1 Nxc3 28. Rxc3 Rxc3 29. Qxc3 Rc8 30. Qd2 Nf6 1/2-1/2

[Event "EYCC Girls-U12 2019"]
[Site "Bratislava"]
[Date "2019.08.08"]
[Round "7.24"]
[White "Dobsa, Emma"]
[Black "Budagova, Leyla"]
[Result "0-1"]
[ECO "B76"]
[WhiteElo "1325"]
[BlackElo "1442"]
[Annotator "NA"]
[PlyCount "46"]
[EventDate "2019.08.02"]
[EventType "swiss"]
[EventCountry "SVK"]
[SourceTitle "playchess.com"]
[Source "ChessBase"]
[SourceQuality "1"]
[TimeControl "40/5400+30:1800+30"]

1. e4 c5 2. Nf3 d6 3. d4 cxd4 4. Nxd4 Nf6 5. Nc3 g6 6. Be3 Bg7 7. f3 O-O 8. Qd2 Nc6 9. O-O-O Bd7 10. g4 Ne5 11. Kb1 Rc8 12. h4 Qa5 13. Be2 Nc4 14. Bxc4 Rxc4 15. Nb3 Qc7 16. h5 a5 17. hxg6 fxg6 18. Nd5 Nxd5 19. Qxd5+ Rf7 20. Rd2 a4 21. Nc1 Rb4 22. e5 Bxe5 23. Nd3 e6 0-1

[Event "EYCC Girls-U12 2019"]
[Site "Bratislava"]
[Date "2019.08.09"]
[Round "8.1"]
[White "Zhapova, Yana"]
[Black "Karaivanova, Petya"]
[Result "1-0"]
[ECO "C68"]
[WhiteElo "1809"]
[BlackElo "1792"]
[Annotator "NA"]
[PlyCount "63"]
[EventDate "2019.08.02"]
[EventType "swiss"]
[EventCountry "SVK"]
[SourceTitle "playchess.com"]
[Source "ChessBase"]
[SourceQuality "1"]
[TimeControl "40/5400+30:1800+30"]

1. e4 e5 2. Nf3 Nc6 3. Bb5 a6 4. Bxc6 dxc6 5. O-O Bg4 6. d3 Qf6 7. Nbd2 g5 8. b3 Qg7 9. Bb2 f6 10. d4 exd4 11. Bxd4 O-O-O 12. Bc3 Bd6 13. Qe1 Bf4 14. e5 Re8 15. Qe4 f5 16. Qd4 Re6 17. Qa7 Ne7 18. Nd4 Qh6 19. g3 Bxe5 20. Nxe6 Bxc3 21. Nc5 Kd8 22. Qb8+ Nc8 23. Rad1 Bxd1 24. Rxd1 Ke7 25. Qxc7+ Kf6 26. Re1 Kg6 27. Re6+ Bf6 28. Nd7 Kh5 29. Nxf6+ Kg6 30. Ng4+ Kh5 31. Rxh6+ Kxg4 32. f3# 1-0